 Dungeon Crawl Stone Soup version 0.32-a0-711-g016ad743e0 (webtiles) character file.

Game seed: 17886790927139012644

130 dialectric the Poker (level 4, 0/35 HPs)
             Began as a Demonspawn Fighter on Mar 15, 2024.
             Incinerated by a bombardier beetle (7 damage)
             ... with a burning spray
             ... on level 3 of the Dungeon.
             The game lasted 00:03:24 (2014 turns).

dialectric the Poker (Demonspawn Fighter)           Turns: 2014, Time: 00:03:25

Health: 0/35       AC:  9    Str: 18    XL:     4   Next: 89%
Magic:  4/4        EV:  9    Int:  8    God:
Gold:   113        SH:  0    Dex: 13    Spells: 3/3 levels left

rFire   . . .        a - +0 trident
rCold   . . .        (no shield)
rNeg    . . .        b - +0 scale mail
rPois   .            (no helmet)
rElec   .            (no cloak)
rCorr   .            (no gloves)
SInv    .            (no boots)
Will    .....        (no amulet) Stlth
                     (no ring)
HPRegen 0.25/turn    (no ring)
MPRegen 0.09/turn

%: no passive effects
@: on fire, glowing
A: molten scales 2, powered by death 1
a: no special abilities


You were on level 3 of the Dungeon.
You visited 1 branch of the dungeon, and saw 3 of its levels.

You collected 113 gold pieces.

Inventory:

Hand Weapons
 a - a +0 trident (weapon)
Missiles
 f - 5 poisoned darts (quivered)
 j - 3 curare-tipped darts
 o - a throwing net
Armour
 b - a +0 scale mail (worn)
 c - a +0 buckler
Scrolls
 e - 3 scrolls of fear {unknown}
 h - 2 scrolls of teleportation {unknown}
 i - 2 scrolls of identify {unknown}
 n - 2 scrolls of fog {unknown}
 r - a scroll of amnesia {unknown}
 s - a scroll of immolation {unknown}
 t - a scroll of brand weapon {unknown}
Potions
 d - a potion of might
 g - 2 potions of mutation {unknown}
 k - a potion of degeneration {unknown}
 l - 4 potions of heal wounds {unknown}
 m - a potion of lignification {unknown}
 p - 2 potions of resistance {unknown}
 q - a potion of haste {unknown}


   Skills:
 - Level 3.1 Fighting
 * Level 3.4 Polearms
 + Level 3.4 Armour
 + Level 1.6 Dodging
 - Level 2.8 Shields


You had 3 spell levels left.
You didn't know any spells.
Your spell library contained the following spells:

 Spells                   Type           Power      Damage    Failure   Level
 Apportation              Tloc           0%         N/A       80%         1
 Necrotise                Necr           0%         1d4       80%         1
 Sting                    Conj/Alch      0%         1d3       80%         1
 Summon Small Mammal      Summ           0%         N/A       80%         1
 Dazzling Flash           Conj/Hex       0%         N/A       99%         3
 Starburst                Conj/Fire      0%         6d3       100%        6
 Maxwell's Capacitive Co  Air            0%         ∞         100%        8


Dungeon Overview and Level Annotations

Branches:
Dungeon (3/15)

Altars:


Innate Abilities, Weirdness & Mutations

You are mostly covered in molten scales. (AC +3)
You regenerate a little health from kills.


Message History

You hit the bombardier beetle but do no damage.
You hit the bombardier beetle.
The bombardier beetle is moderately wounded.
The bombardier beetle sprays incendiary fluid at you.
The burning spray hits you.
You are covered in liquid fire!
You closely miss the bombardier beetle.
The bombardier beetle is moderately wounded.
The liquid fire burns you!
The bombardier beetle barely misses you.
You hit the bombardier beetle but do no damage.
The bombardier beetle is moderately wounded.
The liquid fire burns you!
You closely miss the bombardier beetle.
The bombardier beetle is moderately wounded.
The liquid fire burns you!
The bombardier beetle bites you but does no damage.
You closely miss the bombardier beetle.
The bombardier beetle is moderately wounded.
The liquid fire burns you!
The bombardier beetle waves its antennae.
The bombardier beetle bites you.
You closely miss the bombardier beetle.
The bombardier beetle is moderately wounded.
The liquid fire burns you!
You are too injured to fight recklessly!
You are too injured to fight recklessly!
You hit the bombardier beetle.
The bombardier beetle is moderately wounded.
The liquid fire burns you!
The bombardier beetle bites you but does no damage.
Unknown command.
You hit the bombardier beetle.
The bombardier beetle is severely wounded.
The liquid fire burns you!
* * * LOW HITPOINT WARNING * * *
You hit the bombardier beetle.
The bombardier beetle is severely wounded.
The liquid fire burns you!
You die...

#.# ###### #.#
......# #### #.#
....... ..#########
#.#
.......###.#.......#
#.#
.........#.#.#####.#
#.#
.......#.#.........#
#.#
...................#
#..
......B@###..##....#
### ......#.#
#>.......# # ....#
..# #...#....# # ...
#..# #........# # .#
...# #......)## #
....# ###)#####
....# ##))## ......
#....########
+..###.........


You could see a bombardier beetle.

Vanquished Creatures
  An orc wizard (D:3)
  3 adders
  4 dart slugs
  A ribbon worm (D:3)
  4 orcs (D:3)
  4 ball pythons
  5 endoplasms
  7 goblins
  6 hobgoblins
  3 jackals (D:2)
  2 quokkas
  5 bats
  3 frilled lizards
  8 kobolds
  5 rats
61 creatures vanquished.

Notes
Turn   | Place    | Note
-------+----------+-------------------------------------------
     0 | D:1      | dialectric the Demonspawn Fighter began the quest for the
                  | Orb.
     0 | D:1      | Reached XP level 1. HP: 18/18 MP: 1/1
   176 | D:1      | Gained mutation: You regenerate a little health from kills.
                  | [demonic ancestry]
   176 | D:1      | Reached XP level 2. HP: 24/24 MP: 2/2
   499 | D:1      | Gained mutation: You are partially covered in molten
                  | scales. (AC +2) [demonic ancestry]
   499 | D:1      | Reached XP level 3. HP: 25/29 MP: 3/3
  1054 | D:2      | Reached skill level 1 in Dodging
  1303 | D:2      | Gained mutation: You are mostly covered in molten scales.
                  | (AC +3) [demonic ancestry]
  1303 | D:2      | Reached XP level 4. HP: 35/35 MP: 4/4
  2014 | D:3      | Incinerated by a bombardier beetle

Illustrated notes

Levels and vault maps discovered:
D:1:      evilmike_arrival_plus, layout_loops_ring,
          nicolae_concentric_dashed_squares_wild, minmay_unequal
D:2:      layout_basic, minmay_misc_feat_room
D:3:      minmay_spotlight, layout_loops_corners, mainiacjoe_overflow_chevrons,
          dilly_ecumenical_altar_fadedgnrine, minmay_strange_pillars,
          minmay_misc_feat_secret_circle

Skill      XL: |  1  2  3 |
---------------+----------+-----
Polearms       | 2 3 |  3.4
Armour         | 3 |  3.4
Dodging        | 1 |  1.6
Fighting       | |  3.1
Shields        | |  2.8

Action                     |  1- 3 |  4- 6 || total
---------------------------+-------+-------++-------
  Melee: Trident           |   185 |    60 ||   245
 Armour: Scale mail        |   141 |    36 ||   177
  Dodge: Dodged            |    82 |    32 ||   114
  Block: Buckler           |     2 |       ||     2

Table legend: (Time is in decaauts)
 A = Elapsed time spent in this place.
 B = Non-inter-level travel time spent in this place.
 C = Inter-level travel time spent in this place.
 D = Time resting spent in this place.
 E = Time spent auto-exploring this place.
 F = Levels seen in this place.
 G = Mean time per level.
                   A        B        C        D        E       F      G
               +--------+--------+--------+--------+--------+-----+--------+
         Total |   2056 |   1960 |     96 |      0 |   1493 |   3 |  685.3 |
       Dungeon |   2056 |   1960 |     96 |      0 |   1493 |   3 |  685.3 |
               +--------+--------+--------+--------+--------+-----+--------+

Top non-repeatable levels by time:
     D:1: 865 daAuts
     D:2: 826 daAuts
     D:3: 364 daAuts
